 Dungeon Crawl Stone Soup version 0.18.1-50-g88ac8fd (webtiles) character file.

3257 magog001 the Blocker (level 9, -1/80 HPs)
             Began as a Minotaur Fighter on Mar 23, 2017.
             Slain by a spatial maelstrom (3 damage)
             ... on level 2 of the Abyss.
             The game lasted 00:53:01 (7191 turns).

magog001 the Blocker (Minotaur Fighter)             Turns: 7191, Time: 00:53:02

Health: -1/80      AC: 13    Str: 25    XL:     9   Next: 67%
Magic:  7/7        EV:  9    Int:  5    God:
Gold:   44         SH: 19    Dex: 11    Spells: 0 memorised, 8 levels left

rFire  . . .     SeeInvis .     u - +5 spear (venom)
rCold  . . .     Gourm    .     b - +0 scale mail
rNeg   + . .     Faith    .     n - +1 large shield
rPois  .         Spirit   .     (helmet restricted)
rElec  .         Dismiss  .     H - +0 cloak
rCorr  .         Reflect  .     e - +0 pair of gloves
SustAt .         Harm     .     k - +1 pair of boots
MR     +....     Rnd*Tele +     t - amulet of regeneration
Stlth  ..........               G - ring of positive energy
                                v - +6 ring of strength

@: about to teleport, somewhat resistant to hostile enchantments, extremely
unstealthy
A: retaliatory headbutt, beak, horns 2, low mp 1, magic resistance 1, mutation
resistance 1, slow regeneration 1, teleportitis 1, weak 2
a: no special abilities


You were on level 2 of the Abyss.
You were not hungry.

You visited 1 branch of the dungeon, and saw 8 of its levels.
You visited the Abyss 1 time.
You also visited: Sewer.

You collected 411 gold pieces.
You spent 367 gold pieces at shops.

Inventory:

Hand Weapons
 u - a +5 spear of venom (weapon)
 C - a +0 blowgun
Missiles
 h - 6 curare-tipped needles
 o - 8 poisoned javelins (quivered)
 q - 7 tomahawks
 D - 52 poisoned needles
Armour
 b - a +0 scale mail (worn)
 e - a +0 pair of gloves (worn)
 k - a +1 pair of boots (worn)
 n - a +1 large shield (worn)
 H - a +0 cloak (worn)
Jewellery
 j - an uncursed amulet of the gourmand
 t - an amulet of regeneration (around neck)
 v - a +6 ring of strength (left hand)
 G - a ring of positive energy (right hand)
Wands
 c - a wand of slowing (38/48)
Scrolls
 g - a scroll of fear
 i - 3 scrolls of identify
 p - 6 scrolls of remove curse
 x - a scroll of teleportation
 A - a scroll of blinking
 E - 2 scrolls of magic mapping
 L - a scroll of recharging
Potions
 a - a potion of cure mutation {unknown}
 d - 3 potions of might
 l - 7 potions of curing
 m - a potion of flight
 r - 2 potions of heal wounds
 s - a potion of agility
 z - a potion of magic
 B - a potion of brilliance
 F - a potion of lignification
 J - a potion of resistance
 N - a potion of haste
 Q - a potion of berserk rage
Comestibles
 f - 9 bread rations
 w - 2 meat rations
 I - 5 fruits


   Skills:
 * Level 7.6 Fighting
   Level 3.0(4.9) Axes
 * Level 6.0(6.4) Polearms
 * Level 7.7 Armour
 + Level 4.1 Dodging
 + Level 1.0 Stealth
 * Level 10.9 Shields


You had 8 spell levels left.
You didn't know any spells.

Dungeon Overview and Level Annotations

Branches:
Dungeon (8/15)             Temple (0/1) D:7
   Lair: D:8-11

Altars:
Gozag
Makhleb
Ru
Xom
Zin
The Shining One

Shops:
D:7 !!*??

Annotations:
D:8 Erolcha


Innate Abilities, Weirdness & Mutations

You reflexively headbutt those who attack you in melee.
You have a pair of horns on your head.
You have a beak for a mouth.
Your magical capacity is low (-10% MP).
You are resistant to hostile enchantments.
You are somewhat resistant to further mutation.
You regenerate slowly when monsters are visible.
You are occasionally teleported next to monsters.
You are very weak. (Str -4)


Message History

It would have no effect in this place.
Read which item? (? for menu, Esc to quit)
As you read the scroll of teleportation, it crumbles to dust.
You feel strangely unstable.
You feel the power of the Abyss delaying your translocation!
A spatial vortex comes into view.
The wretched star pulses with an eldritch light!
The spatial vortex moves out of view.
You block the spatial maelstrom's attack.
The spatial maelstrom hits you but does no damage.
The spatial maelstrom hits you! Space bends around you.
* * * LOW HITPOINT WARNING * * *
You block the spatial maelstrom's attack.
A spatial vortex comes into view.
The spatial maelstrom hits you!
* * * LOW HITPOINT WARNING * * *
Space warps horribly around you!
* * * LOW HITPOINT WARNING * * *
The spatial maelstrom hits you.
You die...

..#.### # # ##.##.#
..## . . .##.... ###
.. ##. ##.#.###.#. #
... #.. ##.# .#..# #
#v..#.. #..##..## ..#
#v...####v#.....## .
#..#.#...##..#.# .
#.....#..##*v@...# # .
.
..v#..#...#####....#.#
. #..# ..#.## .#..#..
# #..###.### .#..#..#
. ## . .. .#..### .# .
# .#. # .# #. . . . #
.# # . #?# # #


You could see a spatial maelstrom and a wretched star.

Vanquished Creatures
  Pikel (D:7)
  Prince Ribbit (D:5)
  A hippogriff (D:7)
  Menkaure (D:7)
  Duvessa (D:7)
  2 sky beasts
  A slave (D:7)
  A black bear (D:6)
  A phantom (D:7)
  3 ogres
  2 giant frogs
  Dowan (D:7)
  3 scorpions
  3 killer bees (D:7)
  7 wights (D:7)
  4 crimson imps
  A centaur skeleton (D:5)
  2 hounds
  2 giant frog skeletons
  A jelly (D:6)
  Crazy Yiuf (D:5)
  Jessica (D:3)
  An iguana (D:7)
  3 orc wizards
  5 worker ants
  A hound zombie (D:7)
  5 gnolls
  4 adders
  4 river rats
  2 shadow imps (D:5)
  2 ufetubi (Abyss:2)
  2 oozes (Sewer)
  An adder skeleton (D:6)
  5 worms
  2 dart slugs
  5 giant geckos
  16 orcs
  5 giant cockroaches
  14 goblins
  10 hobgoblins
  5 jackals
  4 quokkas
  4 ball pythons
  A ball python skeleton (D:5)
  10 bats
  7 giant newts
  25 kobolds
  A quokka skeleton (D:6)
  13 rats
  A bush (D:5)
199 creatures vanquished.

Notes
Turn   | Place    | Note
--------------------------------------------------------------
     0 | D:1      | magog001 the Minotaur Fighter began the quest for the Orb.
     0 | D:1      | Reached XP level 1. HP: 19/19 MP: 0/0
    20 | D:1      | Reached XP level 2. HP: 24/27 MP: 1/1
   576 | D:1      | Reached XP level 3. HP: 33/33 MP: 2/2
  1773 | D:3      | Reached skill level 4 in Shields
  1793 | D:3      | Noticed Jessica
  1809 | D:3      | Reached XP level 4. HP: 40/40 MP: 3/3
  1823 | D:3      | Killed Jessica
  1907 | D:3      | Reached skill level 5 in Armour
  2060 | D:3      | Found a glowing drain.
  2089 | Sewer    | Entered a sewer
  2104 | Sewer    | Reached XP level 5. HP: 42/46 MP: 4/4
  2216 | Sewer    | Reached skill level 1 in Polearms
  2249 | Sewer    | Reached skill level 5 in Shields
  2663 | D:3      | Found a glowing golden altar of the Shining One.
  3073 | D:4      | Reached skill level 1 in Dodging
  3141 | D:4      | Found a burning altar of Makhleb.
  3141 | D:4      | Noticed a green death
  3144 | D:4      | Found a glowing silver altar of Zin.
  3145 | D:4      | Noticed an angel
  3697 | D:5      | Entered Level 5 of the Dungeon
  3742 | D:5      | Reached XP level 6. HP: 53/53 MP: 5/5
  3745 | D:5      | Reached skill level 6 in Shields
  3983 | D:5      | Noticed Prince Ribbit
  3993 | D:5      | Killed Prince Ribbit
  3993 | D:5      | Reached skill level 7 in Shields
  3993 | D:5      | Reached XP level 7. HP: 60/60 MP: 6/6
  4015 | D:5      | Found an opulent altar of Gozag.
  4121 | D:5      | Reached skill level 5 in Fighting
  4693 | D:5      | Noticed Crazy Yiuf
  4700 | D:5      | Killed Crazy Yiuf
  4814 | D:6      | Reached skill level 8 in Shields
  4885 | D:6      | Reached XP level 8. HP: 69/69 MP: 7/7
  5150 | D:6      | Found a shimmering altar of Xom.
  5891 | D:7      | Noticed Menkaure
  5919 | D:7      | Killed Menkaure
  5919 | D:7      | Reached skill level 1 in Stealth
  5919 | D:7      | Reached skill level 9 in Shields
  5967 | D:7      | Found Zal Witt's Magic Scroll Shop.
  5975 | D:7      | Bought a scroll of identify for 20 gold pieces
  5975 | D:7      | Bought a scroll of identify for 20 gold pieces
  6002 | D:7      | Found a staircase to the Ecumenical Temple.
  6032 | D:7      | Noticed Duvessa
  6036 | D:7      | Noticed Dowan
  6038 | D:7      | Killed Duvessa
  6042 | D:7      | Killed Dowan
  6072 | D:7      | Reached skill level 5 in Polearms
  6146 | D:7      | Noticed Pikel
  6162 | D:7      | Killed Pikel
  6162 | D:7      | Reached skill level 10 in Shields
  6162 | D:7      | Reached XP level 9. HP: 71/78 MP: 8/8
  6168 | D:7      | Found a sacrificial altar of Ru.
  6198 | D:7      | Found Zoasucoodgh's Distillery.
  6267 | D:7      | Bought 2 potions of curing for 84 gold pieces
  6267 | D:7      | Bought a potion of heal wounds for 70 gold pieces
  6267 | D:7      | Bought a potion of curing for 42 gold pieces
  6344 | D:7      | Gained mutation: You regenerate slowly when monsters are visible. [mutagenic meat]
  6345 | D:7      | Gained mutation: You are weak. (Str -2) [mutagenic meat]
  6346 | D:7      | Gained mutation: You are resistant to hostile enchantments. [mutagenic meat]
  6348 | D:7      | Gained mutation: You are very weak. (Str -4) [mutagenic meat]
  6349 | D:7      | Gained mutation: You have a beak for a mouth. [mutagenic meat]
  6350 | D:7      | Gained mutation: You are occasionally teleported next to monsters. [potion of mutation]
  6350 | D:7      | Gained mutation: Your magical capacity is low (-10% MP). [potion of mutation]
  6350 | D:7      | Gained mutation: You are somewhat resistant to further mutation. [potion of mutation]
  6537 | D:7      | Found Rupnuwn's Distillery.
  6577 | D:7      | Found Gasoumy's General Store.
  6599 | D:7      | Bought a scroll of magic mapping for 42 gold pieces
  6599 | D:7      | Bought a scroll of identify for 24 gold pieces
  6610 | D:7      | Bought a potion of heal wounds for 65 gold pieces
  6869 | D:7      | Found Esausuff's Magic Scroll Boutique.
  7002 | D:8      | Noticed Erolcha
  7003 | D:8      | Cast into level 2 of the Abyss (Erolcha)
  7003 | Abyss:2  | Found a corrupted altar of Lugonu.
  7164 | Abyss:2  | Noticed a smoke demon
  7176 | Abyss:2  | Noticed a wretched star
  7180 | Abyss:2  | Noticed a spatial maelstrom
  7191 | Abyss:2  | HP: 2/80 [spatial maelstrom (6)]
  7191 | Abyss:2  | Slain by a spatial maelstrom

Skill      XL: |  1  2  3  4  5  6  7  8  9 |
---------------+----------------------------+-----
Armour         | 4 5 6 7 |  7.7
Fighting       | 4 5 6 7 |  7.6
Shields        | 4 5 7 8 10 | 10.9
Axes           | 3 |  3.0
Polearms       | 1 2 3 5 6 |  6.0
Dodging        | 1 2 3 4 |  4.1
Stealth        | 1 |  1.0

Action                   |  1- 3 |  4- 6 |  7- 9 || total
-------------------------+-------+-------+-------++-------
Melee: War axe           |    79 |       |       ||    79
       Headbutt          |    15 |    30 |    86 ||   131
       Spear             |    29 |   167 |   329 ||   525
       Peck              |       |       |    10 ||    10
  Use: Scroll            |     5 |     4 |    16 ||    25
       Potion            |       |       |     7 ||     7
  Eat: Chunk             |     6 |     2 |    21 ||    29
       Meat ration       |       |     1 |       ||     1
       Fruit             |       |     1 |       ||     1
       Pizza             |       |       |     1 ||     1
Armor: Scale mail        |    45 |    37 |    53 ||   135
Dodge: Dodged            |    22 |    18 |    41 ||    81
Block: Shield            |    14 |       |       ||    14
       Large shield      |    59 |   129 |   246 ||   434
